 Dungeon Crawl Stone Soup version 0.30-a0-459-g9104f0fc43 (webtiles) character file.

Game seed: 16610180822843972410

56 experimilk the Conjurer (level 3, 0/26 HPs)
             Began as a Draconian Conjurer on Dec 16, 2022.
             Slain by Eustachio
             ... wielding a +0 falchion
              (2 damage)
             ... on level 4 of the Dungeon.
             The game lasted 00:03:45 (2410 turns).

experimilk the Conjurer (Draconian Conjurer)        Turns: 2410, Time: 00:03:46

Health: 0/26       AC: 11    Str:  9    XL:     3   Next: 69%
Magic:  1/6        EV: 12    Int: 20    God:
Gold:   147        SH:  0    Dex:  9    Spells: 5/6 levels left

rFire   . . .      SeeInvis .    n - +0 dagger (venom)
rCold   . . .      Faith    .    (no shield)
rNeg    . . .      Spirit   .    (body armour unavailable)
rPois   .          Reflect  +    (helmet restricted)
rElec   .          Harm     .    h - +1 cloak
rCorr   .          Rampage  .    (no gloves)
Will    .....                    (no boots)
Stlth   +.........               o - amulet of reflection
HPRegen 0.24/turn                j - +4 ring of protection
MPRegen 0.10/turn                k - +4 ring of slaying

@: confused
A: AC +5, unfitting armour, cold-blooded
a: no special abilities


You were on level 4 of the Dungeon.
You visited 1 branch of the dungeon, and saw 5 of its levels.

You collected 147 gold pieces.

Inventory:

Hand Weapons
 n - a +0 dagger of venom (weapon)
Armour
 h - a +1 cloak (worn)
Jewellery
 f - an amulet of regeneration
 j - a +4 ring of protection (left hand)
 k - a +4 ring of slaying (right hand)
 o - an amulet of reflection (around neck)
Scrolls
 c - a scroll of fear {unknown}
 d - a scroll of brand weapon {unknown}
 e - a scroll of blinking {unknown}
 i - a scroll of enchant armour
 p - a scroll of identify
 q - a scroll of teleportation {unknown}
 s - a scroll of vulnerability {unknown}
Potions
 a - a potion of magic
 b - 2 potions of flight
 g - a potion of haste
 l - a potion of might {unknown}
 m - a potion of curing {unknown}
 r - a potion of lignification {unknown}


   Skills:
 - Level 1.7 Dodging
 - Level 1.7 Stealth
 - Level 2.0 Spellcasting
 * Level 5.4 Conjurations


You had 5 spell levels left.
You knew the following spells:

 Your Spells              Type           Power      Damage    Failure   Level
a - Magic Dart            Conj           92%        1d7       1%          1

Your spell library contained the following spells:

 Spells                   Type           Power      Damage    Failure   Level
 Searing Ray              Conj           46%        2d6       2%          2
 Slow                     Hex            8%         N/A       16%         1
 Dazzling Flash           Conj/Hex       24%        N/A       16%         3
 Confusing Touch          Hex            2%         N/A       43%         3
 Ignite Poison            Fire/Tmut/Pois 2%         N/A       43%         3
 Kindle Blastsparks       Fire/Tloc/Air  4%         2d10      43%         3
 Vampiric Draining        Necr           2%         2d6       43%         3
 Fulminant Prism          Conj/Hex       6%         3d7       45%         4
 Iskenderun's Mystic Bla  Conj/Tloc      12%        2d5       45%         4
 Freezing Cloud           Conj/Ice/Air   4%         6-21      91%         5


Dungeon Overview and Level Annotations

Branches:
Dungeon (5/15)
 Temple: D:4-7

Altars:

Annotations:
D:4 Eustachio


Innate Abilities, Weirdness & Mutations

Your plain brown scales are hard. (AC +5)
You cannot fit into any form of body armour.
You are cold-blooded and may be slowed by cold attacks.


Message History

You are out of magic!
You are out of magic!
You are out of magic!
You are out of magic!
You are out of magic!
Unknown command.
Eustachio gestures wildly while chanting.
Eustachio blinks!
You barely miss something. Something hits you but does no damage.
You hit something but do no damage. You tail-slap something.
Eustachio gestures wildly while chanting.
Eustachio blinks!
Something completely misses you.
You hit Eustachio.
Eustachio is poisoned.
Eustachio is lightly wounded.
Eustachio hits you with a +0 falchion. Something hits you.
You barely miss Eustachio.
Your tail-slap misses Eustachio.
Eustachio is moderately wounded.
Eustachio hits you with a +0 falchion. Something hits you but does no damage.
You hit Eustachio but do no damage.
Eustachio looks as sick as possible!
Eustachio is moderately wounded.
Eustachio gestures wildly while chanting.
Something hits you but does no damage.
Unknown command.
You hit the ufetubus.
The ufetubus is poisoned.
You tail-slap the ufetubus.
The ufetubus is almost dead.
The ufetubus closely misses you. The ufetubus barely misses you.
You hear some strange, mumbled words.
You are confused.
Eustachio hits you with a +0 falchion!
* * * LOW HITPOINT WARNING * * *
You're too confused to move!
You kill the ufetubus!
The ufetubus disappears in a puff of smoke!
Eustachio barely misses you. Something hits you but does no damage.
Unknown command.
You bump into the rock wall.
Eustachio hits you with a +0 falchion.
* * * LOW HITPOINT WARNING * * *
Something barely misses you.
You bump into the rock wall.
Eustachio hits you with a +0 falchion.
You die...

#..## #....
#...####
#......#
#.#.##.#
#)# # #o#
#{########
#@@ยง.....#
########.#


You could see Eustachio (very poisoned) and an orc.

Vanquished Creatures
  An adder (D:2)
  2 worms
  3 orcs (D:4)
  6 endoplasms
  A giant cockroach (D:1)
  2 hobgoblins
  3 quokkas
  A ball python (D:2)
  5 bats
  3 goblins
  7 kobolds
  4 rats
38 creatures vanquished.

Notes
Turn   | Place    | Note
-------+----------+-------------------------------------------
     0 | D:1      | experimilk the Draconian Conjurer began the quest for the
                  | Orb.
     0 | D:1      | Reached XP level 1. HP: 14/14 MP: 3/3
   265 | D:1      | Reached XP level 2. HP: 20/20 MP: 1/5
  1170 | D:2      | Reached skill level 5 in Conjurations
  1200 | D:2      | Reached XP level 3. HP: 26/26 MP: 3/6
  1309 | D:2      | Found a faded altar of an unknown god.
  2170 | D:3      | You fall into a shaft and drop 2 floors!
  2170 | D:5      | Entered Level 5 of the Dungeon
  2387 | D:4      | Noticed Eustachio
  2409 | D:4      | HP: 1/26 [Eustachio/+0 falchion (4)]
  2410 | D:4      | Slain by Eustachio

Illustrated notes

Levels and vault maps discovered:
D:1:      erik_arrival_cave_to_civilisation [erik_arrival_cave_to_hall],
          layout_basic
D:2:      layout_rooms, shapermc_ecumenical_altar_venn, serial_rivers,
          chequers_serial_rivers_micro_e, chequers_serial_rivers_micro_d,
          chequers_serial_rivers_room_a, chequers_serial_rivers_micro_d,
          chequers_serial_rivers_small_a, minmay_indecisive_spiral
D:3:      layout_loops_ring, nicolae_tso_carved_into_rock,
          nicolae_figureground_sparkle, uniq_natasha
D:4:      layout_basic, nicolae_hepliaklqana_monster_ancestors,
          minmay_temple_entry_glassed_door, uniq_eustachio
D:5:      kennysheep_kobold_camp, layout_loops_corners

Skill      XL: |  1  2 |
---------------+-------+-----
Conjurations   | 5 |  5.4
Dodging        | |  1.7
Stealth        | |  1.7
Spellcasting   | |  2.0

Action                   || total
-------------------------++-------
Melee: Short sword       ||     9
       Tailslap          ||     4
       Dagger            ||    16
 Cast: Magic Dart        ||    86
  Use: Scroll            ||     3
Armor: Skin              ||     9
Dodge: Dodged            ||    23
Block: Other             ||     5
       Reflection        ||     2

Table legend: (Time is in decaauts)
 A = Elapsed time spent in this place.
 B = Non-inter-level travel time spent in this place.
 C = Inter-level travel time spent in this place.
 D = Time resting spent in this place.
 E = Time spent auto-exploring this place.
 F = Levels seen in this place.
 G = Mean time per level.
                   A        B        C        D        E       F      G
               +--------+--------+--------+--------+--------+-----+--------+
         Total |   2413 |   2342 |     71 |    238 |   1823 |   5 |  482.6 |
       Dungeon |   2413 |   2342 |     71 |    238 |   1823 |   5 |  482.6 |
               +--------+--------+--------+--------+--------+-----+--------+

Top non-repeatable levels by time:
     D:2: 1048 daAuts
     D:1: 845 daAuts
     D:3: 279 daAuts
     D:5: 215 daAuts
     D:4: 23 daAuts
